 Dungeon Crawl Stone Soup version 0.30-a0-586-g23e55c9e0a (webtiles) character file.

Game seed: 15707298876460129796

1185 Dartaoz the Shooter (level 8, -1/70 HPs)
             Began as a Minotaur Hunter on Jan 3, 2023.
             Slain by a black bear (3 damage)
             ... on level 5 of the Dungeon.
             The game lasted 00:21:45 (4523 turns).

Dartaoz the Shooter (Minotaur Hunter)               Turns: 4523, Time: 00:21:46

Health: -1/70      AC:  7    Str: 16    XL:     8   Next: 19%
Magic:  7/7        EV: 28    Int:  6    God:
Gold:   269        SH:  0    Dex: 16    Spells: 7/7 levels left

rFire   . . .      SeeInvis .    a - +0 shortbow
rCold   . . .      Faith    .    (shield currently unavailable)
rNeg    . . .      Spirit   .    e - +0 ring mail
rPois   .          Reflect  .    (helmet restricted)
rElec   .          Harm     .    d - +0 cloak
rCorr   +          Rampage  .    (no gloves)
Will    .....                    (no boots)
Stlth   +                        g - amulet of the acrobat
HPRegen 0.31/turn                x - ring of resist corrosion
MPRegen 0.10/turn                (no ring)

@: acrobatic
A: horns 2, retaliatory headbutt
a: no special abilities


You were on level 5 of the Dungeon.
You visited 1 branch of the dungeon, and saw 5 of its levels.
You also visited: Sewer.

You collected 269 gold pieces.

Inventory:

Hand Weapons
 a - a +0 shortbow (weapon)
 l - a +2 vampiric long sword
 v - a +0 arbalest
Armour
 c - a +0 leather armour
 d - a +0 cloak (worn)
 e - a +0 ring mail (worn)
Jewellery
 g - an amulet of the acrobat (around neck)
 k - a ring of positive energy
 x - a ring of resist corrosion (left hand)
 y - a ring of resist corrosion
Scrolls
 b - 2 scrolls of immolation
 h - 8 scrolls of identify {unknown}
 i - 4 scrolls of poison {unknown}
 j - 2 scrolls of enchant weapon {unknown}
 m - 2 scrolls of magic mapping {unknown}
 n - 2 scrolls of enchant armour {unknown}
 q - 2 scrolls of teleportation {unknown}
 t - a scroll of acquirement {unknown}
 u - a scroll of vulnerability {unknown}
 w - a scroll of brand weapon {unknown}
Potions
 f - 2 potions of might {unknown}
 o - 6 potions of degeneration {unknown}
 p - a potion of resistance {unknown}
 r - 2 potions of flight {unknown}
 s - 4 potions of heal wounds {unknown}
 z - a potion of berserk rage {unknown}
 A - a potion of magic {unknown}
 B - 3 potions of invisibility {unknown}
 C - a potion of haste {unknown}


   Skills:
 + Level 6.2 Fighting
 + Level 6.9 Ranged Weapons
 + Level 5.6 Armour
 + Level 5.7 Dodging
 - Level 0.7 Stealth


You had 7 spell levels left.
You didn't know any spells.
Your spell library contained the following spells:

 Spells                   Type           Power      Damage    Failure   Level
 Cigotuvi's Dreadful Rot  Necr/Pois/Air  0%         N/A       80%         2
 Poisonous Vapours        Pois/Air       0%         N/A       80%         2
 Kindle Blastsparks       Fire/Tloc/Air  0%         2d10      95%         3
 Mephitic Cloud           Conj/Pois/Air  0%         N/A       95%         3
 Fulminant Prism          Conj/Hex       0%         3d5       100%        4
 Iskenderun's Mystic Bla  Conj/Tloc      0%         2d3       100%        4
 Lee's Rapid Deconstruct  Erth           0%         3d4*      100%        5


Dungeon Overview and Level Annotations

Branches:
Dungeon (5/15)              Sewer (visited)
 Temple: D:4-7

Altars:
Dithmenos
Gozag
Nemelex Xobeh


Innate Abilities, Weirdness & Mutations

You have a pair of horns on your head.
You reflexively headbutt those who attack you in melee.


Message History

The black bear barely misses you.
You shoot an arrow. The arrow misses the ufetubus.
The ufetubus closely misses you.
The ufetubus hits you but does no damage.
The ufetubus barely misses you. You furiously retaliate!
You headbutt the ufetubus!
You kill the ufetubus!
You shoot an arrow.
The arrow closely misses the black bear.
The black bear bites you but does no damage.
The black bear claws you but does no damage.
The black bear claws you. The black bear bites you!
The black bear closely misses you.
The black bear claws you but does no damage.
You shoot an arrow. The arrow hits the black bear.
The black bear is almost dead.
The black bear closely misses you. x2; The black bear barely misses you.
The black bear bites you.
* * * LOW HITPOINT WARNING * * *
The black bear claws you.
* * * LOW HITPOINT WARNING * * *
The black bear barely misses you.
You shoot an arrow. The arrow hits the black bear.
The black bear is almost dead.
The black bear closely misses you. The black bear claws you.
* * * LOW HITPOINT WARNING * * *
The black bear claws you.
* * * LOW HITPOINT WARNING * * *
The black bear bites you.
* * * LOW HITPOINT WARNING * * *
The black bear claws you.
* * * LOW HITPOINT WARNING * * *
The black bear misses you.
The black bear attacks as you move away!
The black bear bites you but does no damage.
The black bear barely misses you. The black bear closely misses you.
The black bear attacks as you move away!
The black bear completely misses you. The black bear barely misses you.
The black bear claws you.
You die...

#.##..# ####.##..#
##.##.##..#
##...#.##..# ##
##......##..# ###. ##
#..........[......
#.###>........######.
## #.###...#.##.# #
#.###h@......# .<#
#.#.####.###.# #.#
#..# ..# .# ... #..#
#.## .# ## #.†.$# ##
.....##.# #. .....
.#. #. .... # # ..
.#.# ##


You could see a black bear (berserk).

Vanquished Creatures
  Grinder (D:3)
  Edmund (D:4)
  2 black bears (D:5)
  An ice beast (D:5)
  An ogre (D:3)
  A scorpion (D:4)
  A howler monkey (D:4)
  2 jellies
  A hound (D:4)
  2 iguanas (D:5)
  3 orc wizards
  A gnoll (D:4)
  8 adders
  3 ufetubi
  2 worms
  2 dart slugs
  6 orcs
  7 endoplasms
  7 giant cockroaches
  4 hobgoblins
  9 jackals
  4 kobolds
  7 quokkas
  7 ball pythons
  5 bats
  8 frilled lizards
  5 goblins
  14 rats
115 creatures vanquished.

Notes
Turn   | Place    | Note
-------+----------+-------------------------------------------
     0 | D:1      | Dartaoz the Minotaur Hunter began the quest for the Orb.
     0 | D:1      | Reached XP level 1. HP: 18/18 MP: 0/0
   296 | D:1      | Reached XP level 2. HP: 25/25 MP: 1/1
   307 | D:1      | Reached skill level 1 in Armour
   853 | D:2      | Reached XP level 3. HP: 31/31 MP: 2/2
  1208 | D:2      | Reached XP level 4. HP: 38/38 MP: 3/3
  1673 | D:3      | Noticed Grinder
  1679 | D:3      | Paralysed by Grinder for 5 turns
  1863 | D:3      | Reached skill level 5 in Ranged Weapons
  1941 | D:3      | Paralysed by Grinder for 2 turns
  1946 | D:3      | Killed Grinder
  1947 | D:3      | Reached XP level 5. HP: 35/47 MP: 4/4
  1947 | D:3      | Reached XP level 6. HP: 39/53 MP: 5/5
  2562 | D:3      | Found an opulent altar of Gozag.
  2563 | D:3      | Found a sparkling altar of Nemelex Xobeh.
  3102 | D:4      | Reached skill level 5 in Fighting
  3102 | D:4      | Reached XP level 7. HP: 61/61 MP: 6/6
  3153 | D:4      | Noticed Edmund
  3325 | D:4      | Found a glowing drain.
  3345 | Sewer    | Entered a sewer
  3469 | Sewer    | Found a viscous altar of Jiyva.
  3834 | D:4      | Killed Edmund
  3835 | D:4      | Reached skill level 5 in Dodging
  4218 | D:5      | Entered Level 5 of the Dungeon
  4310 | D:5      | Reached skill level 5 in Armour
  4321 | D:5      | Found a shadowy altar of Dithmenos.
  4331 | D:5      | Reached XP level 8. HP: 70/70 MP: 7/7
  4521 | D:5      | HP: 2/70 [black bear (3)]
  4523 | D:5      | Slain by a black bear

Illustrated notes

Levels and vault maps discovered:
D:1:      amcnicky_arrival_wind_blow, layout_loops_ring, minivault_26
D:2:      layout_loops_ring
D:3:      layout_basic, grunt_temple_overflow_opulence, nrook_mini_vaults,
          uniq_grinder
D:4:      layout_loops_ring, portal_sewer_entry_f, st_stairs_8, uniq_edmund
D:5:      layout_loops_ring, nicolae_dithmenos_the_darkroom

Skill      XL: |  1  2  3  4  5  6  7 |
---------------+----------------------+-----
Armour         | 1 2 3 4 5 |  5.6
Fighting       | 3 4 5 6 |  6.2
Dodging        | 3 4 5 |  5.7
Ranged Weapons | 5 6 |  6.9
Stealth        | |  0.7

Action                   |  1- 3 |  4- 6 |  7- 9 || total
-------------------------+-------+-------+-------++-------
 Fire: Shortbow          |   111 |   117 |   206 ||   434
Armor: Ring mail         |    35 |    28 |    43 ||   106
Dodge: Dodged            |    51 |    44 |    88 ||   183

Table legend: (Time is in decaauts)
 A = Elapsed time spent in this place.
 B = Non-inter-level travel time spent in this place.
 C = Inter-level travel time spent in this place.
 D = Time resting spent in this place.
 E = Time spent auto-exploring this place.
 F = Levels seen in this place.
 G = Mean time per level.
                   A        B        C        D        E       F      G
               +--------+--------+--------+--------+--------+-----+--------+
         Total |   4694 |   4554 |    140 |    860 |   2725 |   6 |  782.3 |
       Dungeon |   4425 |   4285 |    140 |    860 |   2589 |   5 |  885.0 |
         Sewer |    268 |    268 |      0 |      0 |    136 |   1 |  268.0 |
               +--------+--------+--------+--------+--------+-----+--------+

Top non-repeatable levels by time:
     D:3: 1234 daAuts
     D:4: 1035 daAuts
     D:2: 996 daAuts
     D:1: 838 daAuts
     D:5: 321 daAuts
   Sewer: 268 daAuts
